 Dungeon Sprint DCSS version 0.26.0-16-gc1dbca0489 (webtiles) character file.

Game seed: 14837202897472608979

1275 Groucho the Protected (level 8, -6/73 HPs)
             Began as a Minotaur Fighter on Jan 18, 2021.
             Mangled by a boulder beetle (22 damage)
             ... in the Dungeon (Sprint II: "The Violet Keep of Menkaure").
             The game lasted 00:05:12 (677 turns).

Groucho the Protected (Minotaur Fighter)             Turns: 677, Time: 00:05:12

Health: -6/73      AC: 15    Str: 23      XL:     8   Next: 28%
Magic:  6/6        EV:  7    Int:  3 (5)  God:
Gold:   55         SH: 23    Dex:  8      Spells: 7/7 levels left

rFire    + . .     SeeInvis .   a - +0 war axe
rCold    . . .     Faith    .   k - +0 tower shield {AC+3}
rNeg     . . .     Spirit   .   b - +0 scale mail
rPois    .         Reflect  +   (helmet restricted)
rElec    .         Harm     .   (no cloak)
rCorr    .         Rampage  +   (no gloves)
Will     .....     NoTele   +   i - +2 pair of boots {rampage}
Stlth    ..........             l - amulet of reflection
HPRegen  0.22/turn              (no ring)
MPRegen  0.10/turn              (no ring)

@: no status effects
A: retaliatory headbutt, horns 2, clumsy 1, fire resistance 1, frail 1, low mp
1, screaming 1
a: no special abilities


You were in the Dungeon.
You visited 1 branch You collected 729 gold pieces.
You spent 674 gold pieces at shops.

Inventory:

Hand Weapons
 a - a +0 war axe (weapon)
Armour
 b - a +0 scale mail (worn)
 c - a +0 kite shield
 i - a +2 pair of boots of rampaging (worn)
 k - a +0 tower shield of protection (worn)
Jewellery
 l - an amulet of reflection (around neck)
Scrolls
 j - a scroll of blinking
Potions
 d - a potion of might
 e - a potion of curing
 g - a potion of haste
 h - 2 potions of magic


   Skills:
 + Level 11.4 Fighting
 + Level 11.2 Axes
 + Level 11.4 Armour
 + Level 11.4 Shields


You had 7 spell levels left.
You didn't know any spells.
Your spell library was empty.

Dungeon Overview and Level Annotations

Branches:
Dungeon (1/1)

Altars:

Shops:
D [:=:=((![!=?}}*

Annotations:
D exclusion: oklob plant


Innate Abilities, Weirdness & Mutations

You reflexively headbutt those who attack you in melee.
You have a pair of horns on your head.
You are clumsy. (Dex -2)
Your flesh is heat resistant. (rF+)
You are frail. (-10% HP)
Your magical capacity is low. (-10% MP)
You occasionally shout uncontrollably at your foes.


Message History

The boulder beetle leaps!
The boulder beetle leaps!
You see here a +0 spear.
You hit the boulder beetle but do no damage.
You headbutt the boulder beetle, but do no damage.
The boulder beetle is severely wounded.
You hit the boulder beetle but do no damage.
The boulder beetle bites you!!
* * * LOW HITPOINT WARNING * * *
You block the boulder beetle's attack.
Unknown command.
You feel much better. The boulder beetle bites you!
* * * LOW HITPOINT WARNING * * *
The boulder beetle bites you but does no damage.
Unknown command.
You hit the boulder beetle but do no damage.
The boulder beetle is severely wounded.
You hit the boulder beetle but do no damage.
You block the boulder beetle's attack. The boulder beetle bites you!!
You die...

############≈≈#+++
###########≈≈≈...
##∩.∩.....#≈≈≈≈.## ##
##.∩.∩....#≈≈≈≈##. $##
##....∩...#≈≈≈≈#.. ..#
##...∩.∩..#≈≈####.#.####
##....∩.⌠.#≈##.###'###.##
##...∩.∩..#≈#.B.##.##...#
##..∩.∩...'≈†.#@B.<.÷##.+
##.∩.∩....#≈#...##.##...#
#▓▓▓▓▓▓▓###≈##.###'###.##
##BBh######≈≈######.####
#?hh#$ ##≈≈≈#..##.#
#∩PB+[ +#≈##...## #(.$ $#
≈≈##+## #).. ## ≈≈≈≈≈
##+# #≈≈ +++#°'


You could see 2 boulder beetles.

Vanquished Creatures
  A merfolk siren (D)
  4 neqoxecs (D)
  A water moccasin (D)
  4 necrophages (D)
10 creatures vanquished.

Vanquished Creatures (others)
  Menkaure (D)
  A water moccasin (D)
2 creatures vanquished.

Grand Total: 12 creatures vanquished

Notes
Turn   | Place    | Note
-------+----------+-------------------------------------------
     0 | D        | Groucho the Minotaur Fighter began the quest for the Orb.
     0 | D        | Reached XP level 1. HP: 19/19 MP: 0/0
     1 | D        | Noticed a merfolk siren
     9 | D        | Killed a merfolk siren
    10 | D        | Reached XP level 2. HP: 30/36 MP: 1/1
    10 | D        | Reached XP level 3. HP: 34/41 MP: 2/2
    10 | D        | Reached XP level 4. HP: 41/49 MP: 3/3
    10 | D        | Reached XP level 5. HP: 47/56 MP: 4/4
    10 | D        | Reached XP level 6. HP: 52/62 MP: 5/5
    24 | D        | Killed a water moccasin
    26 | D        | Killed Menkaure
   333 | D        | Noticed a boulder beetle
   333 | D        | Noticed a boulder beetle
   350 | D        | Reached XP level 7. HP: 68/71 MP: 6/6
   354 | D        | Reached skill level 10 in Fighting
   354 | D        | Reached skill level 10 in Armour
   354 | D        | Reached skill level 10 in Shields
   476 | D        | Noticed a neqoxec
   479 | D        | Noticed a neqoxec
   482 | D        | Killed a neqoxec
   483 | D        | Reached skill level 10 in Axes
   488 | D        | Gained mutation: You occasionally shout uncontrollably at
                  | your foes. [a neqoxec]
   490 | D        | Killed a neqoxec
   492 | D        | Noticed a neqoxec
   496 | D        | Noticed a neqoxec
   501 | D        | Killed a neqoxec
   502 | D        | Reached XP level 8. HP: 79/82 MP: 7/7
   502 | D        | Lost intelligence.
   504 | D        | Gained mutation: Your flesh is heat resistant. (rF+) [a
                  | neqoxec]
   505 | D        | Gained mutation: You are clumsy. (Dex -2) [a neqoxec]
   506 | D        | Gained mutation: You are frail. (-10% HP) [a neqoxec]
   509 | D        | Gained mutation: Your magical capacity is low. (-10% MP) [a
                  | neqoxec]
   513 | D        | Noticed an ice statue
   531 | D        | Found Uba Ust's Assorted Antiques.
   531 | D        | Found Siuzewn's Magic Scroll Boutique.
   531 | D        | Found Tonacice's Gadget Boutique.
   531 | D        | Found Biostrana's Jewellery Shop.
   532 | D        | Found Kucyrr's Distillery.
   532 | D        | Found Fiuhad's Antique Armour Boutique.
   532 | D        | Found Puempoopne's Distillery.
   532 | D        | Found Plog's Antique Weapon Boutique.
   533 | D        | Found Ridef's Jewellery Shop.
   534 | D        | Found Ahicruad's Gadget Shop.
   534 | D        | Found Ykounias's Antique Weapon Boutique.
   547 | D        | Found Jutwaori's Book Boutique.
   547 | D        | Found Teum's Jewellery Shop.
   547 | D        | Noticed an oklob plant
   548 | D        | Found Mouficly's Book Shoppe.
   548 | D        | Found Deur's Antique Armour Boutique.
   558 | D        | Bought a pair of glowing boots for 187 gold pieces
   558 | D        | Bought a runed tower shield for 187 gold pieces
   583 | D        | Bought an uncursed amulet of reflection for 300 gold pieces
   677 | D        | Mangled by a boulder beetle

Illustrated notes

Levels and vault maps discovered:
D:        the_violet_keep_of_menkaure [sprint2_stairs_cluster_1,
          sprint2_shoproom, sprint2_temple, sprint2_basic_supplies,
          sprint2_obstacle_2, sprint2_obstacle_1, sprint2_obstacle_4,
          sprint2_obstacle_5, sprint2_obstacle_6, sprint2_timed_cluster_1,
          sprint2_smallroom_cluster_1, sprint2_smallroom_final_cluster_1,
          sprint2_transparent_cluster_1, sprint2_second_timed_cluster_1,
          sprint2_sniper_area_1, sprint2_heavy_combat_area_1,
          sprint2_mutation_trap_area_1, sprint2_forest_area_1,
          sprint2_light_combat_area_1, sprint2_behind_water_1,
          sprint2_near_end_vault_1]

Skill      XL: |  1  2  3  4  5  6  7  8 |
---------------+-------------------------+-----
Fighting       | 8 9 11 | 11.4
Axes           | 8 9 10 11 | 11.2
Armour         | 8 9 11 | 11.4
Shields        | 8 9 11 | 11.4

Action                   |  1- 3 |  4- 6 |  7- 9 || total
-------------------------+-------+-------+-------++-------
Melee: War axe           |     5 |    11 |    76 ||    92
       Headbutt          |     1 |     2 |    23 ||    26
  Use: Potion            |     1 |       |     1 ||     2
Armor: Scale mail        |     1 |     2 |    10 ||    13
Dodge: Dodged            |     1 |     1 |    13 ||    15
Block: Kite shield       |     1 |     4 |    15 ||    20
       Tower shield      |       |       |    25 ||    25
